 Dungeon Crawl Stone Soup version 0.31-a0-845-g9abc20d24f (webtiles) character file.

Game seed: 16111817303212527466

61 javelincjr the Ruffian (level 3, 0/27 HPs)
             Began as a Demonspawn Shapeshifter on Oct 2, 2023.
             Slain by Terence
             ... wielding a +0 flail
              (5 damage)
             ... on level 3 of the Dungeon.
             The game lasted 00:05:09 (1667 turns).

javelincjr the Ruffian (Demonspawn Shapeshifter)    Turns: 1667, Time: 00:05:10

Health: 0/27       AC:  2    Str: 16    XL:     3   Next: 83%
Magic:  3/3        EV: 12    Int: 11    God:
Gold:   57         SH:  4    Dex: 12    Spells: 2/2 levels left

rFire   . . .        b - +0 short sword (venom)
rCold   . . .        (no shield)
rNeg    . . .        f - +0 animal skin
rPois   .            (helmet currently unavailable)
rElec   .            (cloak currently unavailable)
rCorr   .            (gloves currently unavailable)
SInv    .            (boots currently unavailable)
Will    .....        (no amulet)
Stlth   +            (no ring)
HPRegen 0.24/turn    (no ring)
MPRegen 0.08/turn

%: no passive effects
@: beast-form
A: beast (slay +1), hooves 1, large bone plates 1
a: Begin Untransformation


You were on level 3 of the Dungeon.
You were a hulking beast.
You visited 1 branch of the dungeon, and saw 3 of its levels.

You collected 57 gold pieces.

Inventory:

Hand Weapons
 a - a +0 sling
 b - a +0 short sword of venom (weapon)
Missiles
 k - 2 atropa-tipped darts
 p - 3 poisoned darts
Armour
 f - a +0 animal skin (worn)
Talismans
 c - a beast talisman (active)
 d - a flux talisman
Scrolls
 e - 2 scrolls of teleportation {unknown}
 i - 2 scrolls of immolation {unknown}
 l - 5 scrolls of identify {unknown}
 o - a scroll of enchant armour {unknown}
Potions
 g - a potion of degeneration {unknown}
 h - a potion of haste {unknown}
 j - a potion of curing {unknown}
 m - 2 potions of lignification
 n - 2 potions of invisibility {unknown}


   Skills:
 + Level 1.9 Fighting
 + Level 2.4 Dodging
 + Level 3.2 Unarmed Combat
 + Level 3.1 Shapeshifting


You had 2 spell levels left.
You didn't know any spells.
Your spell library contained the following spells:

 Spells                   Type           Power      Damage    Failure   Level
 Foxfire                  Conj/Fire      0%         2x1d4     34%         1
 Plasma Beam              Fire/Air       0%         2x1d10    100%        6
 Starburst                Conj/Fire      0%         6d3       100%        6


Dungeon Overview and Level Annotations

Branches:
Dungeon (3/15)

Altars:

Shops:
D:2 [

Annotations:
D:3 Terence


Innate Abilities, Weirdness & Mutations

You are a hulking beast.
Your limbs bulge with bestial killing power. (Slay +1)
You have large cloven feet.
You are partially covered in large bone plates. (SH +4)


Message History

You shoot a sling bullet. The sling bullet hits the bat.
You kill the bat!
No target in view!
You see here a bat corpse.
You now have 57 gold pieces (gained 10).
Found a stone staircase leading up.
Done exploring.
Done exploring.
Search for what [Enter for "."]? .
There is a stone staircase leading down here.
You see here a +0 club.
You climb downwards.
Found 25 gold pieces and a scroll labelled WEUTEUKHLETS.
Found a stone staircase leading down.
There is a stone staircase leading up here.
You shoot a sling bullet. The sling bullet hits the endoplasm.
You kill the endoplasm!
Terence shouts!
You shoot a sling bullet. The sling bullet hits Terence!
Terence is heavily wounded.
You shoot a sling bullet. The sling bullet hits the bat.
You kill the bat!
An endoplasm comes into view.
You shoot a sling bullet. The endoplasm quivers.
The sling bullet hits Terence but does no damage.
Terence is heavily wounded.
Terence closely misses you.
You shoot a sling bullet. The sling bullet barely misses Terence.
Terence hits you with a +0 flail! Terence hits you with a +0 flail.
Your +0 short sword of venom begins to drip with poison!
b - a +0 short sword of venom (weapon)
You barely miss Terence. You kick Terence.
Terence is severely wounded.
Terence hits you with a +0 flail!
* * * LOW HITPOINT WARNING * * *
You closely miss Terence. You kick Terence.
Terence is severely wounded.
Terence hits you with a +0 flail.
You die...

..#.#..#.#.....
..$......$.....
..............#
.............?#
............. .
#......†. ...
.##......#..$..
......@h.......
.......J....###
............#
..#......##....
.......... .##
###...#..## #
...>....
.##.##...


You could see Terence and an endoplasm.

Vanquished Creatures
  2 adders (D:2)
  2 dart slugs (D:1)
  4 ball pythons
  4 endoplasms
  5 goblins (D:1)
  6 hobgoblins
  A quokka (D:1)
  3 bats
  3 frilled lizards
  4 kobolds
  A rat (D:2)
35 creatures vanquished.

Notes
Turn   | Place    | Note
-------+----------+-------------------------------------------
     0 | D:1      | javelincjr the Demonspawn Shapeshifter began the quest for
                  | the Orb.
     0 | D:1      | Reached XP level 1. HP: 15/15 MP: 1/1
   196 | D:1      | Gained mutation: You are partially covered in large bone
                  | plates. (SH +4) [demonic ancestry]
   196 | D:1      | Reached XP level 2. HP: 21/21 MP: 2/2
   660 | D:1      | Gained mutation: You have large cloven feet. [demonic
                  | ancestry]
   660 | D:1      | Reached XP level 3. HP: 26/26 MP: 3/3
   703 | D:2      | Found Penof's Antique Armour Shop.
  1659 | D:3      | Noticed Terence
  1667 | D:3      | Slain by Terence

Illustrated notes

Levels and vault maps discovered:
D:1:      saegor_arrival_simple_a, layout_loops_ring
D:2:      layout_basic, serial_shops, shop_statue
D:3:      layout_basic, mainiacjoe_overflow_brackets, uniq_jessica, uniq_terence

Skill      XL: |  1  2  3 |
---------------+----------+-----
Dodging        | 2 |  2.4
Unarmed Combat | 3 |  3.2
Shapeshifting  | 3 |  3.1
Fighting       | |  1.9

Action                     || total
---------------------------++-------
  Melee: Unarmed           ||    64
         Punch             ||     1
         Kick              ||     9
         Short sword       ||     2
   Fire: Sling             ||    29
 Armour: Animal skin       ||    38
  Dodge: Dodged            ||    34
  Block: Other             ||     3

Table legend: (Time is in decaauts)
 A = Elapsed time spent in this place.
 B = Non-inter-level travel time spent in this place.
 C = Inter-level travel time spent in this place.
 D = Time resting spent in this place.
 E = Time spent auto-exploring this place.
 F = Levels seen in this place.
 G = Mean time per level.
                   A        B        C        D        E       F      G
               +--------+--------+--------+--------+--------+-----+--------+
         Total |   1672 |   1584 |     88 |      0 |   1368 |   3 |  557.3 |
       Dungeon |   1672 |   1584 |     88 |      0 |   1368 |   3 |  557.3 |
               +--------+--------+--------+--------+--------+-----+--------+

Top non-repeatable levels by time:
     D:2: 956 daAuts
     D:1: 706 daAuts
     D:3: 9 daAuts
